 Dungeon Crawl Stone Soup version 0.22.0-32-gbc6daba (webtiles) character file.

164 Anon1729 the Skirmisher (level 5, -2/42 HPs)
             Began as a Formicid Monk on Aug 23, 2018.
             Slain by an adder (4 damage)
             ... on level 3 of the Dungeon.
             The game lasted 00:03:35 (2732 turns).

Anon1729 the Skirmisher (Formicid Monk)             Turns: 2732, Time: 00:03:36

Health: -2/42      AC:  2    Str: 21    XL:     5   Next: 73%
Magic:  5/5        EV: 14    Int: 10    God:
Gold:   131        SH:  0    Dex: 13    Spells: 4/4 levels left

rFire    . . .     SeeInvis +   h - +0 short sword (protect)
rCold    . . .     Gourm    .   (no shield)
rNeg     . . .     Faith    .   b - +0 robe
rPois    .         Spirit   .   (helmet unavailable)
rElec    .         Reflect  .   (no cloak)
rCorr    .         Harm     .   (no gloves)
MR       .....                  (no boots)
Stlth    ++........             (no amulet)
HPRegen  0.14/turn              (no ring)
MPRegen  0.09/turn              (no ring)

@: mighty, lethally poisoned (-2 -> -6)
A: permanent stasis, dig shafts and tunnels, four strong arms, antennae 3
a: Dig, Shaft Self


You were on level 3 of the Dungeon.
You were not hungry.

You visited 1 branch of the dungeon, and saw 3 of its levels.

You collected 131 gold pieces.

Inventory:

Hand Weapons
 a - a +0 falchion
 g - a cursed -2 dagger
 h - a +0 short sword of protection (weapon)
Armour
 b - a +0 robe (worn)
Scrolls
 d - a scroll of noise {unknown}
 f - 2 scrolls of enchant weapon {unknown}
 j - a scroll of identify {unknown}
 k - 2 scrolls of remove curse {unknown}
 l - a scroll of teleportation {unknown}
Potions
 e - a potion of resistance {unknown}
 m - a potion of brilliance {unknown}
Comestibles
 c - 2 rations


   Skills:
 + Level 4.1 Fighting
 - Level 3.0 Long Blades
 * Level 3.0 Armour
 * Level 3.9 Dodging
 - Level 3.1 Stealth


You had 4 spell levels left.
You didn't know any spells.
Your spell library was empty.

Dungeon Overview and Level Annotations

Branches:
Dungeon (3/15)

Altars:
Vehumet
Xom


Innate Abilities, Weirdness & Mutations

You cannot be hasted, slowed, berserked, paralysed or teleported.
You can dig through walls and to a lower floor.
Your four strong arms can wield two-handed weapons with a shield.
You have a pair of large antennae on your head. (SInv)


Message History

* * * LOW HITPOINT WARNING * * *
The orc hits you but does no damage.
You bump into the rock wall.
The adder closely misses you.
The orc wizard hits you but does no damage.
The orc misses you.
You bump into the rock wall.
The adder bites you.
* * * LOW HITPOINT WARNING * * *
You are more poisoned.
The adder poisons you! The orc wizard closely misses you. The orc misses you.
The adder barely misses you.
You bump into the rock wall.
You feel sick.
The orc wizard gestures at you while chanting.
The puff of flame misses you.
The puff of flame hits the adder.
The adder bites you.
* * * LOW HITPOINT WARNING * * *
The orc barely misses you.
It was a potion of might.
You feel very mighty all of a sudden.
You feel less confused. The adder bites you.
You die...

#.# #.# #.# #.# ##
#.# #.# ... #.# #.#
.... #.# #.# .....
#.# #.#
.....g###.####.#####
.....oS@o..........#
......##o#####.###.#
..... .{.# #.# #.#
....#.#### #)###.#
..... #...#.# ....
###.#.### # #
#.#...# #.###.#
##.###.#


You could see an orc wizard (invisible), an adder, 2 orcs and a hobgoblin.

Vanquished Creatures
  Natasha (thrice) (D:2)
  Robin (D:1)
  2 adders (D:2)
  2 worms
  3 dart slugs (D:1)
  An orc (D:3)
  2 giant cockroaches (D:1)
  13 goblins
  3 hobgoblins (D:1)
  8 kobolds
  A quokka (D:2)
  5 bats
  6 frilled lizards
  4 rats
54 creatures vanquished.

Notes
Turn   | Place    | Note
-------+----------+-------------------------------------------
     0 | D:1      | Anon1729 the Formicid Monk began the quest for the Orb.
     0 | D:1      | Reached XP level 1. HP: 18/18 MP: 1/1
   276 | D:1      | Reached XP level 2. HP: 22/24 MP: 2/2
   415 | D:1      | Reached skill level 1 in Armour
   466 | D:1      | Reached XP level 3. HP: 29/29 MP: 3/3
  1014 | D:2      | Noticed Natasha
  1027 | D:2      | Killed Natasha
  1027 | D:2      | Reached XP level 4. HP: 14/37 MP: 4/4
  1040 | D:2      | Found a shimmering altar of Xom.
  1187 | D:2      | Noticed Natasha
  1198 | D:2      | Killed Natasha
  1421 | D:2      | Reached XP level 5. HP: 36/42 MP: 5/5
  1588 | D:2      | Noticed Natasha
  1605 | D:2      | Killed Natasha
  1605 | D:2      | Reached skill level 4 in Fighting
  1841 | D:2      | Noticed Robin
  2183 | D:1      | Killed Robin
  2511 | D:2      | Found a radiant altar of Vehumet.
  2731 | D:3      | HP: 2/42 [adder (5)]
  2732 | D:3      | Slain by an adder

Skill      XL: |  1  2  3  4  5 |
---------------+----------------+-----
Armour         | 1 2 3 |  3.0
Dodging        | 3 |  3.9
Stealth        | 3 |  3.1
Fighting       | 4 |  4.1
Long Blades    | |  3.0

Action                   |  1- 3 |  4- 6 || total
-------------------------+-------+-------++-------
Melee: Falchion          |    17 |       ||    17
       Short sword       |   128 |   148 ||   276
  Use: Potion            |       |     1 ||     1
 Stab: Sleeping          |     5 |     3 ||     8
       Distracted        |       |     1 ||     1
  Eat: Chunk             |     1 |     5 ||     6
Armor: Robe              |    38 |    59 ||    97
Dodge: Dodged            |   109 |   148 ||   257
       Rpst.: Falchion   |     4 |       ||     4
